 Dungeon Crawl Stone Soup version 0.28.0 (webtiles) character file.

Game seed: 11091926849917192802

7 Dirian the Grave Robber (level 2, 16/22 HPs)
             Began as a Hill Orc Wanderer on Feb 15, 2022.
             Was a Follower of Trog.
             Got out of the dungeon alive.
             The game lasted 00:01:25 (346 turns).

Dirian the Grave Robber (Hill Orc Wanderer)          Turns: 346, Time: 00:01:26

Health: 16/22      AC:  4    Str: 22    XL:     2   Next: 0%
Magic:  4/4        EV: 11    Int: 13    God:    Trog [*.....]
Gold:   14         SH:  0    Dex:  7    Spells: 3/4 levels left

rFire   . . .      SeeInvis .   g - +0 short sword
rCold   . . .      Faith    .   (no shield)
rNeg    . . .      Spirit   .   d - +0 leather armour
rPois   .          Reflect  .   (no helmet)
rElec   .          Harm     .   c - +0 cloak
rCorr   .          Rampage  .   (no gloves)
Will    .....                   (no boots)
Stlth   +.........              (no amulet)
HPRegen 0.07/turn               e - +6 ring of strength
MPRegen 0.09/turn               (no ring)

@: no status effects
A: no striking features
a: Renounce Religion, Berserk


You escaped.
You worshipped Trog.
Trog was aware of your devotion.
You visited 1 branch of the dungeon, and saw 1 of its levels.

You collected 14 gold pieces.

Inventory:

Hand Weapons
 a - a +0 shortbow
 g - a +0 short sword (weapon)
Missiles
 b - 41 arrows
Armour
 c - a +0 cloak (worn)
 d - a +0 leather armour (worn)
Jewellery
 e - a +6 ring of strength (left hand)
Scrolls
 f - a scroll of fear {unknown}
Potions
 h - a potion of lignification {unknown}


   Skills:
 + Level 0.5 Fighting
 * Level 1.1 Axes
 - Level 1.0 Bows
 + Level 1.3 Armour
 - Level 1.5 Dodging
 - Level 1.0 Stealth
 + Level 0.4 Shields
 - Level 1.5 Spellcasting
 - Level 3.0 Necromancy


You had 3 spell levels left.
You knew the following spells:

 Your Spells              Type           Power      Damage    Failure   Level
a - Pain                  Necr           32%        1d5       9%          1

Your spell library contained the following spells:

 Spells                   Type           Power      Damage    Failure   Level
 Dispel Undead            Necr           8%         3d8       65%         4
 Anguish                  Hex/Necr       2%         N/A       86%         4


Dungeon Overview and Level Annotations

Branches:
Dungeon (1/15)

Altars:
Trog


Message History

The ball python constricts you.
You barely miss the ball python. The ball python bites you.
The ball python constricts you. The ball python completely misses you.
The ball python constricts you.
You are too injured to fight recklessly!
You are too injured to fight recklessly!
You are too injured to fight recklessly!
You are too injured to fight recklessly!
You are too injured to fight recklessly!
You are too injured to fight recklessly!
You are too injured to fight recklessly!
You are too injured to fight recklessly!
You are too injured to fight recklessly!
You are too injured to fight recklessly!
You are too injured to fight recklessly!
You are too injured to fight recklessly!
You are too injured to fight recklessly!
You are too injured to fight recklessly!
You are too injured to fight recklessly!
You are too injured to fight recklessly!
You are too injured to fight recklessly!
You are too injured to fight recklessly!
You are too injured to fight recklessly!
The ball python's grasp on you weakens, but your attempt to escape fails.
The ball python bites you but does no damage.
The ball python constricts you.
You escape the ball python's grasp.
The ball python closely misses you. x2
You puncture the ball python!
You kill the ball python!
Trog accepts your kill.
You have reached level 2!
You open the door.
Found a stone staircase leading down.
There is an open door here.
You open the door.
There is an open door here.
There is a staircase leading out of the dungeon here.
Are you sure you want to leave the Dungeon?
This will make you lose the game!
You have escaped!

### #.....# #_####.†...###
#^#........'># #.####.....#.#
#.####.....#.#
...........#.############
.#.####..###.##PPP##....# .#.#
#..# #.##≈≈≈##.##.# .#.# ##.#
#.'..@..+.##.# .#.# #.#
#.##♣.♣##.##.#
.#.#####.###.###'###.##.#
.#.#......##..........#.#####
.#.#......##.#######..#.....#
.#.#.......#.# #..#.###.#
.#.#...†.#.#.# ####..#.# #
.#.#.....#...####.....#.###.###
...'...........................


There were no monsters in sight!

Vanquished Creatures
  A bat (D:1)
  An endoplasm (D:1)
  A giant cockroach (D:1)
  A hobgoblin (D:1)
  A ball python (D:1)
  A kobold (D:1)
6 creatures vanquished.

Notes
Turn   | Place    | Note
-------+----------+-------------------------------------------
     0 | D:1      | Dirian the Hill Orc Wanderer began the quest for the Orb.
     0 | D:1      | Dirian set off with the following items: a +0 shortbow, 26
                  | arrows, a +0 cloak, a +0 leather armour; and the following
                  | spell memorised: Pain; and the following spells available
                  | to memorise: Dispel Undead, Anguish
     0 | D:1      | Reached XP level 1. HP: 14/14 MP: 3/3
   244 | D:1      | Reached skill level 1 in Axes
   306 | D:1      | Found a faded altar of an unknown god.
   313 | D:1      | Prayed at the altar of an unknown god.
   313 | D:1      | Became a worshipper of Trog the Wrathful
   313 | D:1      | Reached * piety under Trog
   330 | D:1      | Reached XP level 2. HP: 15/22 MP: 4/4
   346 | D:$      | Got out of the dungeon alive.

Illustrated notes

Levels and vault maps discovered:
D:1:      tarquinn_simple_flora_water_e, layout_basic,
          hellmonk_ecumenical_altar_leap_of_faith, roderic_serpentine_path

Skill      XL: |  1 |
---------------+----+-----
Axes           | 1 |  1.1
Fighting       | |  0.5
Bows           | |  1.0
Armour         | |  1.3
Dodging        | |  1.5
Stealth        | |  1.0
Shields        | |  0.4
Spellcasting   | |  1.5
Necromancy     | |  3.0

Action                   || total
-------------------------++-------
Melee: Short sword       ||     4
 Fire: Shortbow          ||    19
Armor: Leather armour    ||     5
Dodge: Dodged            ||    10
